 Dungeon Crawl Stone Soup version 0.23-a0-143-g1adec7b (webtiles) character file.

511 topirishpotato the Covered (level 6, 0/41 HPs)
             Began as a Demonspawn Wanderer on Sept 4, 2018.
             Was an Initiate of Ashenzari.
             Slain by a bullfrog (1 damage)
             ... in a sewer.
             The game lasted 00:25:44 (5010 turns).

topirishpotato the Covered (Demonspawn Wanderer)    Turns: 5010, Time: 00:25:44

Health: 0/41       AC:  6    Str: 12    XL:     6   Next: 99%
Magic:  6/6        EV: 17    Int: 15    God:    Ashenzari [......]
Gold:   116        SH:  0    Dex: 23    Spells: 3/5 levels left

rFire    + . .     SeeInvis .   q - +0 long sword
rCold    . . .     Gourm    .   (no shield)
rNeg     . . .     Faith    .   w - +0 leather armour
rPois    .         Spirit   .   (helmet restricted)
rElec    .         Reflect  .   (no cloak)
rCorr    .         Harm     .   p - +0 pair of gloves
MR       .....                  v - +0 pair of boots
Stlth    +++.......             (no amulet)
HPRegen  0.13/turn              e - ring of protection from fire
MPRegen  0.10/turn              r - +5 ring of dexterity

@: agile, very slightly contaminated
A: antennae 1, demonic guardian 1
a: Curse Item, Renounce Religion


You were in a sewer.
You worshipped Ashenzari.
Ashenzari was noncommittal.
You were hungry.

You visited 1 branch of the dungeon, and saw 4 of its levels.
You also visited: Sewer.

You collected 116 gold pieces.

Inventory:

Hand Weapons
 a - a +2 dagger
 q - a +0 long sword (weapon)
Missiles
 i - 87 stones (quivered)
Armour
 c - a +0 ring mail
 p - a +0 pair of gloves (worn)
 v - a +0 pair of boots (worn)
 w - a +0 leather armour (worn)
Jewellery
 e - a ring of protection from fire (left hand)
 g - an uncursed ring of flight
 r - a +5 ring of dexterity (right hand)
Scrolls
 h - 5 scrolls of remove curse
 j - a scroll of magic mapping {unknown}
 m - a scroll of random uselessness {unknown}
 n - a scroll of teleportation {unknown}
 s - 2 scrolls of amnesia {unknown}
 t - a scroll of enchant weapon {unknown}
 u - 3 scrolls of identify {unknown}
Potions
 b - a potion of invisibility {unknown}
Comestibles
 f - 4 rations


   Skills:
 - Level 1.9(3.3) Short Blades
 * Level 4.2(4.4) Long Blades
   Level 3.6 Bows
 + Level 5.1 Armour
 + Level 1.6 Dodging
 - Level 1.8 Stealth
 * Level 1.5 Hexes


You had 3 spell levels left.
You knew the following spells:

 Your Spells              Type           Power        Failure   Level  Hunger
a - Ensorcelled Hibernat  Hex/Ice        #.....       36%         2    ###....

Your spell library contained the following spells:

 Spells                   Type           Power        Failure   Level  Hunger
 Corona                   Hex            #......      19%         1    ##.....
 Confuse                  Hex            #.......     50%         3    ####...
 Tukima's Dance           Hex            #.......     50%         3    ####...
 Dazzling Spray           Conj/Hex       #.....       58%         3    ####...


Dungeon Overview and Level Annotations

Branches:
Dungeon (4/15)
 Temple: D:4-7

Altars:
Ashenzari
Dithmenos
Nemelex Xobeh
Sif Muna
The Shining One

Shops:
D:4 %


Innate Abilities, Weirdness & Mutations

You have a pair of small antennae on your head.
A weak demonic guardian rushes to your aid.


Message History

Your iron imp barely misses the leopard gecko.
The leopard gecko barely misses you.
Your iron imp barely misses the leopard gecko.
The leopard gecko misses you.
You see here a frilled lizard corpse.
You enter the shallow water.
Moving in this stuff is going to be slow.
The leopard gecko misses you. The leopard gecko misses you.
The bullfrog releases a deep croak.
The leopard gecko barely misses you.
You see here a frilled lizard corpse.
You see here a glowing cyan potion.
b - a glowing cyan potion The bullfrog misses you.
The leopard gecko misses you. The leopard gecko bites you.
* * * LOW HITPOINT WARNING * * *
The bullfrog completely misses you. The leopard gecko closely misses you.
The bullfrog hits you.
You die...

##≈≈.≈††≈#########≈≈≈≈..≈##
##≈≈≈.≈####≈≈≈≈≈≈≈####..≈≈.##
##≈≈.†###†≈≈≈≈†≈≈≈≈.≈≈###≈.≈≈##
#≈≈≈≈##.≈†.≈#######≈≈.≈≈##.≈≈.#
#≈≈≈##≈≈.†###≈≈≈≈≈###≈≈≈≈##≈.†##
≈≈≈≈#≈≈≈≈##≈≈≈≈≈≈≈≈≈##.≈..#≈††≈#
..≈##≈≈≈##≈≈≈≈≈≈...≈≈##≈≈.##≈≈≈##
≈≈≈#≈≈≈†#≈≈.≈≈.$(?.≈≈≈#≈≈≈≈#≈≈..#
†≈≈#≈≈≈≈#≈≈≈≈≈≈.@F..≈≈#≈.≈≈#≈≈.∩#
.≈≈#≈≈≈≈#≈≈≈≈≈≈≈≈l≈≈.≈#≈≈≈≈#≈...#
≈≈≈##≈≈.##≈≈≈≈≈..l†≈≈≈#≈≈≈##.≈≈##
≈≈≈≈#.≈.≈##≈≈..≈≈.5.≈≈#≈≈≈#≈≈≈≈#
#≈≈≈##≈.≈≈###≈≈≈≈≈#≈≈##≈≈##≈≈≈##
#≈≈≈.##≈.≈≈.#######≈≈#.≈##≈≈.≈#
##≈≈.≈###≈≈≈≈≈.≈5.††##≈≈#≈.≈≈##
##.≈≈≈≈####.≈≈.≈≈..#≈≈≈..≈≈##
##≈≈≈≈†≈≈#≈∩≈#######≈≈≈####


You could see a bullfrog, 2 leopard geckos and a friendly iron imp.

Vanquished Creatures
  A bullfrog (Sewer)
  A hound (D:4)
  A worker ant (D:4)
  14 adders
  3 gnolls
  7 oozes (Sewer)
  2 worms
  2 dart slugs
  8 leopard geckos
  9 orcs
  10 bats
  17 giant cockroaches
  6 goblins
  10 hobgoblins
  6 jackals
  3 quokkas
  6 ball pythons
  24 frilled lizards
  11 kobolds
  A leopard gecko zombie (D:4)
  A quokka skeleton (D:4)
  9 rats
152 creatures vanquished.

Vanquished Creatures (collateral kills)
  A bullfrog zombie (D:3)
  3 gnolls
  2 oozes
  A frilled lizard (Sewer)
7 creatures vanquished.

Grand Total: 159 creatures vanquished

Notes
Turn   | Place    | Note
-------+----------+-------------------------------------------
     0 | D:1      | topirishpotato the Demonspawn Wanderer began the quest for
                  | the Orb.
     0 | D:1      | topirishpotato set off with: a +2 dagger, a scroll of
                  | blinking, a +0 ring mail, a potion of lignification, a
                  | ration
     0 | D:1      | Reached XP level 1. HP: 13/13 MP: 1/1
   406 | D:1      | Gained mutation: A weak demonic guardian rushes to your
                  | aid. [demonic ancestry]
   406 | D:1      | Reached XP level 2. HP: 17/19 MP: 2/2
   416 | D:1      | Reached skill level 4 in Armour
   514 | D:1      | Reached skill level 1 in Short Blades
   907 | D:1      | Reached XP level 3. HP: 17/24 MP: 3/3
  1087 | D:1      | Found a glowing golden altar of the Shining One.
  1503 | D:2      | Reached XP level 4. HP: 18/30 MP: 4/4
  2166 | D:2      | Found a sparkling altar of Nemelex Xobeh.
  2166 | D:2      | Found a deep blue altar of Sif Muna.
  2168 | D:2      | Found a shattered altar of Ashenzari.
  2173 | D:2      | Became a worshipper of Ashenzari the Shackled
  2319 | D:3      | Found a shadowy altar of Dithmenos.
  2603 | D:3      | Learned a level 2 spell: Ensorcelled Hibernation
  2662 | D:3      | Reached skill level 1 in Long Blades
  2662 | D:3      | Gained mutation: You have a pair of small antennae on your
                  | head. [demonic ancestry]
  2662 | D:3      | Reached XP level 5. HP: 9/35 MP: 5/5
  2693 | D:3      | Reached skill level 5 in Armour
  4010 | D:4      | Reached skill level 1 in Dodging
  4026 | D:4      | Found Hineryv's Food Boutique.
  4050 | D:4      | Reached skill level 1 in Hexes
  4050 | D:4      | Reached XP level 6. HP: 17/41 MP: 6/6
  4127 | D:4      | Found a glowing drain.
  4142 | Sewer    | Entered a sewer
  4147 | Sewer    | HP: 1/41 [adder (3)]
  4991 | Sewer    | HP: 2/41 [leopard gecko (4)]
  4999 | Sewer    | HP: 1/41 [leopard gecko (2)]
  5009 | Sewer    | HP: 1/41 [leopard gecko (2)]
  5010 | Sewer    | Slain by a bullfrog

Vault maps used:
D:1:      lightli_iron_boxes, tso_altar
D:2:      gammafunk_temple_overflow_claw, first_ration
D:3:      nicolae_dithmenos_through_a_glass_darkly
D:4:      kennysheep_kobold_camp, minmay_temple_entry_crystal_x,
          gup_sewer_entry_bubbles, serial_shops, shop_statue
Sewer:    sewer_frog_island_02

Skill      XL: |  1  2  3  4  5  6 |
---------------+-------------------+-----
Armour         | 4 5 |  5.1
Short Blades   | 1 |  1.9
Long Blades    | 1 2 4 |  4.2
Dodging        | 1 |  1.6
Hexes          | 1 |  1.5
Bows           | |  3.6
Stealth        | |  1.8

Action                   |  1- 3 |  4- 6 || total
-------------------------+-------+-------++-------
Melee: Dagger            |   140 |       ||   140
       Long sword        |       |   444 ||   444
  Use: Potion            |     1 |     6 ||     7
       Scroll            |       |     2 ||     2
 Stab: Sleeping          |       |     3 ||     3
  Eat: Chunk             |     1 |     6 ||     7
       Ration            |       |     2 ||     2
Armor: Ring mail         |    61 |   118 ||   179
       Skin              |     4 |    34 ||    38
       Leather armour    |       |   136 ||   136
Dodge: Dodged            |    82 |   387 ||   469
       Rpst.: Long sword |       |   130 ||   130

Table legend:
 A = Non-vault XP
 B = Vault XP
 C = Vault XP percentage of total XP
 D = Non-vault monster count
 E = Vault monster count
 F = Vault count percentage of total count
                 A         B        C        D         E       F
            +---------+---------+-------+---------+---------+-------
      Total |     412 |     318 |  43.6 |     103 |      56 |  35.2
            +---------+---------+-------+---------+---------+-------
        D:1 |      43 |       0 |   0.0 |      27 |       0 |   0.0
        D:2 |     108 |       0 |   0.0 |      27 |       0 |   0.0
        D:3 |     161 |       0 |   0.0 |      39 |       0 |   0.0
        D:4 |     100 |      16 |  13.8 |      10 |       7 |  41.2
      Sewer |       0 |     302 | 100.0 |       0 |      49 | 100.0
            +---------+---------+-------+---------+---------+-------
